[Event "Team 45 45 League T52"]
[Site "Internet Chess Club"]
[Date "2012.02.19"]
[Round "1"]
[White "ikatankayangan"]
[Black "Signalman"]
[Result "1/2-1/2"]
[WhiteElo "1591"]
[BlackElo "1528"]
[Opening "Two knights defense (Modern bishop's opening)"]
[ECO "C55"]
[Time "05:08:24"]
[TimeControl "2700+45"]

1. e4 e5 2. Nf3 Nc6 3. Bc4 Nf6 4. d3 Be7 5. O-O O-O 6. Nc3 d6 7. a3 Bg4 8. Be3
a6 9. Nd5 Na5 10. Ba2 b6 11. Nxf6+ Bxf6 12. b4 Nb7 13. c3 c5 14. Bd5 Rb8 15. d4
Bxf3 16. Qxf3 cxd4 17. cxd4 Qd7 18. dxe5 Bxe5 19. Rab1 Nd8 20. Rfc1 h6 21. Bc4
b5 22. Bd5 Ne6 23. Qg4 Kh7 24. Rc6 Ra8 25. Rbc1 Rfc8 26. f4 Bb2 27. Rxc8 Rxc8
28. Rxc8 Qxc8 29. f5 Qc3 30. Qg3 Ng5 31. Bxg5 hxg5 32. Qxc3 Bxc3 33. Bxf7 Bb2
34. Bd5 Bxa3 35. Bb7 Bxb4 36. Bxa6 Bc5+ 37. Kf1 b4 38. Bc4 g4 39. Ke2 Kh6 40.
Kd1 Kg5 {Game drawn by mutual agreement} 1/2-1/2

[Event "Team 45 45 League T52"]
[Site "Internet Chess Club"]
[Date "2012.02.18"]
[Round "1"]
[White "werty"]
[Black "JohLeb"]
[Result "1-0"]
[WhiteElo "1523"]
[BlackElo "1415"]
[Opening "Queen's pawn game"]
[ECO "D04"]
[Time "14:30:36"]
[TimeControl "2700+45"]

1. d4 d5 2. Nf3 Nf6 3. e3 Bg4 4. Nbd2 e6 5. Bd3 Bd6 6. c4 c6 7. c5 Bc7 8. b4 a6
9. O-O O-O 10. Qc2 Bh5 11. Bb2 Nbd7 12. Ng5 h6 13. Ngf3 Qe7 14. Rfe1 e5 15. dxe5
Nxe5 16. Nxe5 Bxe5 17. Bxe5 Qxe5 18. f3 Rfe8 19. Nf1 Nd7 20. Ng3 Re6 21. f4 Qf6
22. Nxh5 Qh4 23. Ng3 Nf6 24. Bf5 Re7 25. Qf2 Rae8 26. Re2 g6 27. Bh3 Ne4 {Black
resigns} 1-0

[Event "Team 45 45 League T52"]
[Site "Internet Chess Club"]
[Date "2012.02.17"]
[Round "1"]
[White "Bible-Believer"]
[Black "mongmong"]
[Result "1/2-1/2"]
[WhiteElo "1540"]
[BlackElo "1614"]
[Opening "French: Winawer, advance, poisoned pawn variation"]
[ECO "C18"]
[Time "21:00:37"]
[TimeControl "2700+45"]

1. e4 e6 2. d4 d5 3. Nc3 Bb4 4. e5 Ne7 5. a3 Bxc3+ 6. bxc3 c5 7. Qg4 Nf5 8. Bd3
h5 9. Qg5 cxd4 10. Bxf5 Qxg5 11. Bxg5 exf5 12. cxd4 Nc6 13. Nf3 Na5 14. O-O Nc4
15. Rfb1 b6 16. Nd2 Nxd2 17. Bxd2 Bd7 {Game drawn by mutual agreement} 1/2-1/2

[Event "Team 45 45 League T52"]
[Site "Internet Chess Club"]
[Date "2012.02.20"]
[Round "1"]
[White "oldsj"]
[Black "OGO"]
[Result "1-0"]
[WhiteElo "1497"]
[BlackElo "1515"]
[Opening "Ruy Lopez: closed (10...c5)"]
[ECO "C96"]
[Time "13:00:45"]
[TimeControl "2700+45"]

1. e4 e5 2. Nf3 Nc6 3. Bb5 a6 4. Ba4 Nf6 5. O-O b5 6. Bb3 Be7 7. Re1 O-O 8. c3
d6 9. h3 Na5 10. Bc2 c5 11. d4 cxd4 12. cxd4 exd4 13. Nxd4 Bb7 14. Nf5 Rc8 15.
Bf4 Nc4 16. Nd2 Nxb2 17. Qb1 Nc4 18. Nxc4 Rxc4 19. Bg5 Nd5 20. Bb3 Rc7 21. Bxe7
Nxe7 22. Ng3 Nc6 23. Qb2 Qg5 24. Rad1 Qe5 25. Qd2 Rd8 26. Qe3 Nb4 27. Rc1 Rdc8
28. Rxc7 Rxc7 29. Qa7 Qe7 30. Nf5 Qd7 31. Qe3 Nc2 32. Bxc2 Rxc2 33. Qg3 g6 34.
Nxd6 Rxa2 35. Nxb7 Qxb7 36. Rd1 Qe7 37. Qb3 Ra3 38. Qb2 b4 39. Rd4 a5 40. Qd2 b3
41. Rd8+ Kg7 42. Qd4+ Kh6 43. Qd2+ g5 44. Rd6+ f6 45. h4 Qe5 46. hxg5+ Qxg5 47.
Rxf6+ Kh5 48. Rf5 Qxf5 49. exf5 Ra1+ 50. Kh2 b2 51. Qxb2 {Black resigns} 1-0

[Event "Team 45 45 League T52"]
[Site "Internet Chess Club"]
[Date "2012.02.20"]
[Round "1"]
[White "mrmarck"]
[Black "stanbeers"]
[Result "0-1"]
[WhiteElo "1299"]
[BlackElo "1447"]
[Opening "English opening"]
[ECO "A16"]
[Time "20:00:17"]
[TimeControl "2700+45"]

1. c4 Nf6 2. Nc3 d6 3. g3 Nbd7 4. Bg2 c6 5. Nf3 e5 6. d3 Qc7 7. O-O Be7 8. a3
Nc5 9. b4 Ne6 10. Ng5 Nf8 11. d4 h6 12. Nge4 Ng6 13. Rb1 O-O 14. Bb2 Be6 15. c5
Nxe4 16. Nxe4 d5 17. Nd2 e4 18. f4 exf3 19. exf3 Bf5 20. Ra1 Qd7 21. Qe2 Bh3 22.
Qf2 Bxg2 23. Qxg2 Bf6 24. Rae1 Qf5 25. Nb3 Qd3 26. Na5 Rab8 27. Kh1 Qf5 28. g4
Qd7 29. Re3 Bg5 30. Re2 Nf4 {White resigns} 0-1

[Event "Team 45 45 League T52"]
[Site "Internet Chess Club"]
[Date "2012.02.17"]
[Round "1"]
[White "Fogbound"]
[Black "PT105"]
[Result "1-0"]
[WhiteElo "1331"]
[BlackElo "1228"]
[Opening "Queen's bishop game"]
[ECO "D02"]
[Time "14:00:09"]
[TimeControl "2700+45"]

1. d4 d5 2. Nf3 Nf6 3. Bf4 e6 4. e3 Nc6 5. c3 Be7 6. Bd3 Bd6 7. Ne5 Bd7 8. Nd2
O-O 9. Ndf3 Nh5 10. Bxh7+ Kh8 11. Bg5 Be7 12. h4 Nxe5 13. Nxe5 f6 14. Ng6+ Kxh7
15. Qxh5+ Kg8 16. Qh8+ Kf7 17. Qh5 fxg5 18. Nh8+ Kg8 19. hxg5 Rf5 20. Qh7+ Kf8
21. Ng6+ Kf7 22. Nh8+ Kf8 23. Nf7 Kxf7 24. g6+ Kf6 25. g4 Rg5 26. Qh3 Rxg6 27.
Qf3+ Kg5 28. Qf4# {Black checkmated} 1-0

[Event "Team 45 45 League T52"]
[Site "Internet Chess Club"]
[Date "2012.02.18"]
[Round "1"]
[White "lw"]
[Black "Invicta-Knight"]
[Result "0-1"]
[WhiteElo "1503"]
[BlackElo "1488"]
[Opening "Blackmar gambit"]
[ECO "B01"]
[Time "12:10:23"]
[TimeControl "2700+45"]

1. e4 d5 2. d4 dxe4 3. Nc3 Nf6 4. f3 exf3 5. Nxf3 Nc6 6. Bc4 Bg4 7. Be3 e6 8. h3
Bh5 9. g4 Bg6 10. Bg5 Be7 11. O-O Qd6 12. Kg2 O-O-O 13. Bb5 h5 14. Bxf6 Bxf6 15.
g5 Bxd4 16. Bxc6 Qxc6 17. Qe2 a6 18. Rad1 Bxc3 19. bxc3 Qxc3 20. h4 Qxc2 21.
Qxc2 Bxc2 22. Rc1 Be4 23. Rce1 Rd2+ 24. Kg3 Bxf3 25. Rxf3 Rf8 26. Rxe6 Rxa2 27.
Re7 Rd2 28. Rexf7 Rxf7 29. Rxf7 Rd7 30. Rf8+ Rd8 31. Rf7 Rg8 32. Kf4 b5 33. Ke5
b4 34. Kd4 a5 35. Kc4 Kb7 36. Kb3 Kb6 37. Ka4 c5 38. Re7 Kc6 39. Re6+ Kb7 40.
Kxa5 Ra8+ 41. Kb5 b3 42. Re3 Kc7 43. Kc4 b2 44. Re1 Ra1 {White resigns} 0-1

[Event "Team 45 45 League T52"]
[Site "Internet Chess Club"]
[Date "2012.02.16"]
[Round "1"]
[White "BrerRabbit"]
[Black "rcddonovan"]
[Result "1-0"]
[WhiteElo "1508"]
[BlackElo "1357"]
[Opening "English opening"]
[ECO "A20"]
[Time "19:02:33"]
[TimeControl "2700+45"]

1. c4 e5 2. g3 c5 3. Bg2 Nf6 4. Nc3 Nc6 5. e4 d6 6. Nge2 Nd4 7. O-O Be6 8. d3
Qd7 9. Nxd4 cxd4 10. Nd5 Nxd5 11. cxd5 Bh3 12. b3 Bxg2 13. Kxg2 Be7 14. Bd2 O-O
15. Rc1 f5 16. f3 f4 17. g4 Qe8 18. Rc7 b6 19. Qb1 Bh4 20. Rfc1 Qg6 21. R1c6 h5
22. h3 hxg4 23. hxg4 Bg3 24. Bb4 Qh6 25. Qh1 Qf6 26. Rxd6 Qh4 27. Rdd7 Qf6 28.
Qh5 Bh4 29. Bxf8 Rxf8 30. Rc6 Qxc6 31. dxc6 {Black resigns} 1-0

[Event "Team 45 45 League T52"]
[Site "Internet Chess Club"]
[Date "2012.02.19"]
[Round "1"]
[White "Patzer4Life"]
[Black "PsyMar"]
[Result "1-0"]
[WhiteElo "1479"]
[BlackElo "1310"]
[Opening "Alekhine's defense: four pawns attack"]
[ECO "B02"]
[Time "11:03:40"]
[TimeControl "2700+45"]

1. e4 Nf6 2. e5 Nd5 3. c4 Nb6 4. d4 d6 5. f4 e6 6. Nf3 Be7 7. Bd3 O-O 8. O-O
dxe5 9. fxe5 c5 10. Be3 cxd4 11. Bxd4 Nc6 12. Bc3 f6 13. exf6 gxf6 14. Kh1 e5
15. Qc2 Rf7 16. Rf2 Bb4 17. Be4 Bxc3 18. Nxc3 f5 19. Bxc6 bxc6 20. Nxe5 Rf6 21.
c5 Nd7 22. Qd2 Qe8 23. Qg5+ Rg6 24. Nxg6 hxg6 25. Rxf5 Rb8 26. b3 Nf8 27. Rff1
Ne6 28. Rfe1 Ba6 29. Qe5 Kf7 30. Ne4 Qd7 31. Rf1+ Bxf1 32. Rxf1+ Ke7 33. Qf6+
Ke8 34. Qh8+ Ke7 35. Qxb8 Qd3 36. Qxa7+ Ke8 37. Nd6+ Kd8 38. Qa8+ Ke7 39. Rf7#
{Black checkmated} 1-0

[Event "Team 45 45 League T52"]
[Site "Internet Chess Club"]
[Date "2012.02.19"]
[Round "1"]
[White "Skylab"]
[Black "kingsrook"]
[Result "1-0"]
[WhiteElo "1345"]
[BlackElo "1301"]
[Opening "QGD Slav defense"]
[ECO "D10"]
[Time "15:00:08"]
[TimeControl "2700+45"]

1. d4 d5 2. c4 c6 3. e3 Nf6 4. Nc3 g6 5. cxd5 cxd5 6. Nf3 Bg7 7. g3 O-O 8. Bg2
Re8 9. O-O Nc6 10. Re1 Bg4 11. h3 Bf5 12. g4 Bc8 13. Bd2 e5 14. dxe5 Nxe5 15.
Bc1 Nxf3+ 16. Bxf3 Be6 17. Ne2 g5 18. Nd4 Bc8 19. e4 Nxe4 20. Bxe4 dxe4 21. Nf5
Qxd1 22. Rxd1 Bxf5 23. gxf5 h6 24. Rd6 Rad8 25. Rxd8 Rxd8 26. Be3 b6 27. Rb1 Rd5
28. Rc1 Rd7 29. b3 Bb2 30. Rc8+ Kg7 31. Rc2 Bf6 32. Kg2 Kg8 33. Rc4 Re7 34. Kg3
h5 35. Rc6 Kg7 36. a4 Rd7 37. b4 Bd4 38. Bxg5 f6 39. Bf4 a6 40. Rc7 Rxc7 41.
Bxc7 Kh6 42. h4 Kg7 43. b5 a5 44. Bf4 Kf7 45. Be3 Be5+ 46. Kg2 Bc7 47. f3 exf3+
48. Kxf3 Ke7 49. Ke4 Kd7 50. Kd5 Ke7 51. Kc6 Bd8 52. Bxb6 Bxb6 53. Kxb6 Kd7 54.
Kxa5 Kc7 55. Ka6 Kb8 56. b6 Kc8 57. Ka7 {Black resigns} 1-0

[Event "Team 45 45 League T52"]
[Site "Internet Chess Club"]
[Date "2012.02.17"]
[Round "1"]
[White "RedAttack"]
[Black "Rodin7"]
[Result "1-0"]
[WhiteElo "1922"]
[BlackElo "1962"]
[Opening "King's Indian, 3.Nf3"]
[ECO "E90"]
[Time "16:00:34"]
[TimeControl "2700+45"]

1. d4 Nf6 2. Nf3 g6 3. c4 Bg7 4. Nc3 O-O 5. e4 d6 6. Bd3 e5 7. d5 Nh5 8. O-O f5
9. exf5 gxf5 10. Nxe5 dxe5 11. Qxh5 Bd7 12. Bg5 Qc8 13. Rae1 Be8 14. Qh3 Bg6 15.
Bh6 Nd7 16. Bxg7 Kxg7 17. f4 e4 18. Be2 Nf6 19. Nb5 Qd7 20. Nd4 Rf7 21. Ne6+ Kh8
22. Ng5 Rg7 23. Qc3 Qe7 24. b4 Re8 25. Rd1 h6 26. Ne6 Rgg8 27. Nxc7 Qxc7 28.
Qxf6+ Kh7 29. d6 Qb6+ 30. Qd4 Qc6 31. b5 Qd7 32. a4 Bf7 33. c5 e3 34. Rc1 Re4
35. Qd1 Qd8 36. c6 bxc6 37. bxc6 Qh4 38. c7 Qh3 39. Bf3 e2 40. Qd2 exf1=Q+ 41.
Rxf1 Rxa4 42. d7 Ra2 43. d8=Q Rxd2 44. Qxd2 Qh4 45. Bb7 Be6 46. Qe3 Bc8 47. Qxa7
Qe7 48. Bxc8 Rxc8 49. Rc1 Qe4 50. Qf2 Qe7 51. Qc5 Qd7 52. h3 Qf7 53. Qd6 Qg7 54.
Rc6 Rg8 55. Qd5 {Black resigns} 1-0

[Event "Team 45 45 League T52"]
[Site "Internet Chess Club"]
[Date "2012.02.18"]
[Round "1"]
[White "BuddyT"]
[Black "Reeza"]
[Result "0-1"]
[WhiteElo "1804"]
[BlackElo "1757"]
[Opening "Queen's pawn: Torre attack"]
[ECO "A46"]
[Time "09:00:36"]
[TimeControl "2700+45"]

1. d4 Nf6 2. Nf3 e6 3. Bg5 Be7 4. Nbd2 O-O 5. e4 h6 6. Bh4 d6 7. Bd3 Nbd7 8. e5
dxe5 9. dxe5 Nh5 10. Bxe7 Qxe7 11. g3 Qb4 12. Nh4 Qxb2 13. f4 g5 14. Rb1 Qxa2
15. fxg5 Qd5 16. Qxh5 Qxh1+ 17. Nf1 Nxe5 18. gxh6 Qd5 {White forfeits on time}
0-1

[Event "Team 45 45 League T52"]
[Site "Internet Chess Club"]
[Date "2012.02.19"]
[Round "1"]
[White "wrimle"]
[Black "isolani"]
[Result "1-0"]
[WhiteElo "1634"]
[BlackElo "1531"]
[Opening "King's pawn opening"]
[ECO "B07"]
[Time "15:00:52"]
[TimeControl "2700+45"]

1. e4 d6 2. Nc3 Nf6 3. f4 c6 4. Nf3 Bg4 5. h3 Bxf3 6. Qxf3 e5 7. fxe5 dxe5 8.
Bc4 Bc5 9. d3 Nbd7 10. Bg5 a5 11. a4 Qb6 12. O-O-O h6 13. Bh4 Be3+ 14. Kb1 Bd4
15. Bb3 Bxc3 16. bxc3 O-O 17. Bf2 Qc7 18. g4 b5 19. h4 Rfb8 20. Kc1 bxa4 21. Ba2
Qd6 22. Kd2 Nc5 23. Bxc5 Qxc5 24. g5 Nxe4+ 25. Qxe4 Rb4 {Black resigns} 1-0

[Event "Team 45 45 League T52"]
[Site "Internet Chess Club"]
[Date "2012.02.18"]
[Round "1"]
[White "JustinL"]
[Black "barbak"]
[Result "1-0"]
[WhiteElo "1836"]
[BlackElo "1883"]
[Opening "QGD: Tarrasch defense, 4.cd ed"]
[ECO "D32"]
[Time "11:00:44"]
[TimeControl "2700+45"]

1. d4 d5 2. c4 e6 3. Nc3 c5 4. cxd5 exd5 5. dxc5 d4 6. Ne4 Nc6 7. e3 Nf6 8.
Nxf6+ Qxf6 9. exd4 Nxd4 10. Be3 Bxc5 11. Bxd4 Bxd4 12. Bb5+ Ke7 13. Qe2+ Be6 14.
Rc1 Rac8 15. Rd1 Rhd8 16. Nf3 Bxb2 17. O-O Kf8 18. Qe4 Bxa2 19. Rxd8+ Rxd8 20.
Re1 a6 21. Qe8+ {Black resigns} 1-0

[Event "Team 45 45 League T52"]
[Site "Internet Chess Club"]
[Date "2012.02.20"]
[Round "1"]
[White "tsia68"]
[Black "matein7"]
[Result "0-1"]
[WhiteElo "1752"]
[BlackElo "1764"]
[Opening "English opening"]
[ECO "A05"]
[Time "16:04:34"]
[TimeControl "2700+45"]

1. Nf3 Nf6 2. c4 e6 3. g3 b6 4. Bg2 Bb7 5. O-O Be7 6. b3 O-O 7. Bb2 d6 8. e3
Nbd7 9. Qe2 a5 10. d3 e5 11. Nc3 Re8 12. Nh4 Bxg2 13. Nxg2 Bf8 14. f4 c6 15. g4
Nc5 16. g5 Nfd7 17. Rf3 exf4 18. Rxf4 Ne6 19. Rg4 Ne5 20. Rg3 Nxg5 21. Rf1 Ne6
22. Ne4 Ng6 23. Qh5 d5 24. Rh3 h6 25. Bf6 Qd7 26. Ng3 gxf6 27. Nf5 Ng5 28. Rg3
Kh7 29. h4 Ne6 30. Nxh6 Bxh6 31. Rxf6 Ng7 32. Qf3 Re7 33. Nf4 Nxf4 34. exf4 Re1+
35. Kf2 Rae8 36. Qh5 {White resigns} 0-1

[Event "Team 45 45 League T52"]
[Site "Internet Chess Club"]
[Date "2012.02.20"]
[Round "1"]
[White "Packerfan"]
[Black "room-matt"]
[Result "0-1"]
[WhiteElo "1857"]
[BlackElo "1777"]
[Opening "Evans gambit: Cordel variation"]
[ECO "C51"]
[Time "09:30:24"]
[TimeControl "2700+45"]

1. e4 e5 2. Nf3 Nc6 3. Bc4 Bc5 4. b4 Bxb4 5. c3 Be7 6. d4 Na5 7. Be2 exd4 8.
Qxd4 d6 9. Qxg7 Bf6 10. Qg3 Qe7 11. O-O Qxe4 12. Bb5+ Kf8 13. Re1 Qg6 14. Re8+
Kg7 15. Bd7 Ne7 16. Rxh8 Kxh8 17. Bxc8 Rxc8 18. Nd4 Rg8 19. Na3 Qe4 20. f3 Rxg3
21. fxe4 Rxc3 22. Nac2 Nc4 23. Rb1 b6 24. Rb3 Bxd4+ 25. Nxd4 Rxc1+ 26. Kf2 c5
27. Nf5 Nxf5 28. exf5 a5 29. f6 Rc2+ 30. Ke1 Rxa2 31. Rc3 b5 32. Rd3 a4 33. Rg3
Ne5 34. Kd1 Ng6 35. Re3 Kg8 36. Re8+ Nf8 37. Rd8 Rxg2 38. Rxd6 a3 {White
resigns} 0-1

[Event "Team 45 45 League T52"]
[Site "Internet Chess Club"]
[Date "2012.02.20"]
[Round "1"]
[White "Ayensa80"]
[Black "BYOB69"]
[Result "0-1"]
[WhiteElo "1669"]
[BlackElo "1758"]
[Opening "Pirc: 150 attack"]
[ECO "B07"]
[Time "14:00:18"]
[TimeControl "2700+45"]

1. e4 d6 2. d4 Nf6 3. Nc3 g6 4. Be3 c6 5. Qd2 b5 6. Bd3 Nbd7 7. Bh6 Bxh6 8. Qxh6
b4 9. Nce2 Qa5 10. f4 Qh5 11. Qxh5 Nxh5 12. Nf3 c5 13. d5 Bb7 14. g4 Nhf6 15. g5
Nh5 16. c4 O-O 17. Rf1 e6 18. Kf2 exd5 19. cxd5 Rfe8 20. Nd2 Nb6 21. b3 Re7 22.
Bc4 a6 23. Rae1 Rae8 24. Kf3 f5 25. gxf6 Nxf6 26. Ng3 Bc8 27. Kf2 Bh3 28. Rh1
Rf7 29. Kf3 Ref8 30. Ke3 Ng4+ 31. Ke2 Rxf4 32. Bxa6 Rf2+ 33. Kd3 Ne5+ 34. Kc2
Nf3 35. Re2 Nd4+ 36. Kb1 Nxe2 37. Bxe2 h5 {White resigns} 0-1

[Event "Team 45 45 League T52"]
[Site "Internet Chess Club"]
[Date "2012.02.19"]
[Round "1"]
[White "Paulkov"]
[Black "SuperPeon"]
[Result "1-0"]
[WhiteElo "2363"]
[BlackElo "2217"]
[Opening "Petrov: classical attack, Jaenisch variation"]
[ECO "C42"]
[Time "20:00:28"]
[TimeControl "2700+45"]

1. e4 e5 2. Nf3 Nf6 3. Nxe5 d6 4. Nf3 Nxe4 5. d4 d5 6. Bd3 Nc6 7. O-O Be7 8. c4
Nb4 9. Be2 O-O 10. a3 Nc6 11. Nc3 Nxc3 12. bxc3 Bf5 13. Re1 Re8 14. Bf4 dxc4 15.
Bxc4 Bd6 16. Qd2 Bg6 17. Bxd6 Rxe1+ 18. Rxe1 cxd6 19. Qf4 Qd7 20. Nh4 d5 21.
Nxg6 hxg6 22. Bf1 Re8 23. Rxe8+ Qxe8 24. g3 Qd7 25. Bg2 f6 26. Qf3 Ne7 27. Qd3
Qa4 28. Qe2 Kf7 29. Qb2 b5 30. Qb4 Qxb4 31. axb4 Ke6 32. h4 Nc8 33. Kf1 Nd6 34.
Ke2 a6 35. Bf3 f5 36. Ke3 Nc4+ 37. Kf4 Nd2 38. Bg2 Kf6 39. Bxd5 Nb1 40. c4 Na3
41. cxb5 axb5 42. Bb3 Nb1 43. d5 Nd2 44. Bc2 Nc4 45. f3 Nb6 46. Bb3 Nd7 47. d6
Ne5 48. Ke3 Nc6 49. Bd5 Nxb4 50. Kd4 Na6 51. f4 b4 52. Bb3 {Black resigns} 1-0

[Event "Team 45 45 League T52"]
[Site "Internet Chess Club"]
[Date "2012.02.20"]
[Round "1"]
[White "loudoun"]
[Black "FlyingTiger"]
[Result "1-0"]
[WhiteElo "1662"]
[BlackElo "1721"]
[Opening "Sicilian: Grand Prix attack"]
[ECO "B23"]
[Time "19:11:54"]
[TimeControl "2700+45"]

1. e4 c5 2. Nc3 Nc6 3. f4 g6 4. Nf3 Bg7 5. Bb5 Nd4 6. O-O Nxb5 7. Nxb5 d6 8. Qe1
Bd7 9. Nc3 Bc6 10. d3 e6 11. f5 Nf6 12. Qh4 Qe7 13. a3 Nd7 14. Qh3 Ne5 15. fxe6
Nxf3+ 16. Qxf3 Qxe6 17. Nd5 Rc8 18. c3 O-O 19. Bg5 Bxd5 20. exd5 Qd7 21. Bf6
Bxf6 22. Qxf6 Rce8 23. Rae1 b5 24. Kf2 a5 25. Kg3 b4 26. c4 h5 27. h3 Qc7 28.
Kf4 Qd7 29. g4 Qd8 30. Qxd8 Rxd8 31. gxh5 gxh5 32. axb4 axb4 33. Kg5 Ra8 34.
Kxh5 Ra2 35. Re2 Rfa8 36. Re7 R8a7 37. Re8+ Kh7 38. Re2 Ra1 39. Rf6 Rd7 40. Rg2
{Black forfeits on time} 1-0

[Event "Team 45 45 League T52"]
[Site "Internet Chess Club"]
[Date "2012.02.20"]
[Round "1"]
[White "NFork"]
[Black "SlimeDog2"]
[Result "1-0"]
[WhiteElo "2189"]
[BlackElo "2107"]
[Opening "Réti opening"]
[ECO "A05"]
[Time "02:32:57"]
[TimeControl "2700+45"]

1. Nf3 Nf6 2. b3 d5 3. Bb2 e6 4. e3 Nbd7 5. c4 c6 6. Qc2 Bd6 7. Nc3 O-O 8. d4
dxc4 9. bxc4 e5 10. Be2 Re8 11. O-O e4 12. Ng5 Qe7 13. c5 Bc7 14. Bc4 Bxh2+ 15.
Kh1 Rf8 16. g3 Ng4 17. Ncxe4 Bxg3 18. fxg3 Nxe3 19. Qe2 Nxc4 20. Nf6+ Qxf6 21.
Rxf6 gxf6 22. Nxh7 Kxh7 23. Qxc4 Kg6 24. Rf1 f5 25. d5 cxd5 26. Qxd5 Nf6 27. Qe5
Ne8 28. g4 fxg4 29. Rf6+ Nxf6 30. Qxf6+ Kh5 31. Bc1 {Black resigns} 1-0

[Event "Team 45 45 League T52"]
[Site "Internet Chess Club"]
[Date "2012.02.19"]
[Round "1"]
[White "katikus"]
[Black "Killian"]
[Result "0-1"]
[WhiteElo "1817"]
[BlackElo "2032"]
[Opening "Sicilian: Alapin's variation (2.c3)"]
[ECO "B22"]
[Time "16:00:20"]
[TimeControl "2700+45"]

1. e4 c5 2. c3 Nf6 3. e5 Nd5 4. d4 e6 5. Nf3 cxd4 6. cxd4 Nc6 7. a3 d6 8. Bd3
dxe5 9. dxe5 Qc7 10. O-O Nxe5 11. Nxe5 Qxe5 12. Bb5+ Bd7 13. Bxd7+ Kxd7 14. Re1
Qd6 15. Nc3 Nxc3 16. bxc3 Qxd1 17. Rxd1+ Kc6 18. Bf4 Bc5 19. a4 Rad8 20. Rab1 f6
21. Kf1 e5 22. Be3 Bxe3 23. fxe3 Rxd1+ 24. Rxd1 Rc8 25. Ke2 Rc7 26. Rb1 b6 27.
Rb4 Kd5 28. Kd3 f5 29. h3 e4+ 30. Kc2 Rc4 31. Rb5+ Rc5 32. Rb4 Ke5 33. Rd4 Rd5
34. Kb3 Rxd4 35. cxd4+ Kd5 36. Kc3 g5 37. g3 h5 38. Kc2 Kc4 {White resigns} 0-1

[Event "Team 45 45 League T52"]
[Site "Internet Chess Club"]
[Date "2012.02.16"]
[Round "1"]
[White "musk6868"]
[Black "SimplyClaudia"]
[Result "1-0"]
[WhiteElo "1923"]
[BlackElo "1818"]
[Opening "Benoni: fianchetto, 9...Nbd7"]
[ECO "A62"]
[Time "19:11:22"]
[TimeControl "2700+45"]

1. d4 Nf6 2. c4 e6 3. g3 c5 4. d5 exd5 5. cxd5 d6 6. Nc3 g6 7. Bg2 Bg7 8. Nf3
O-O 9. O-O Nbd7 10. Qc2 a6 11. a4 Rb8 12. a5 Qc7 13. Bg5 h6 14. Bf4 b5 15. axb6
Nxb6 16. e4 Re8 17. Rfe1 Nfd7 18. Bf1 Ra8 19. Nd2 Ne5 20. Bxe5 Bxe5 21. Ra3 Bxc3
22. Qxc3 Nxd5 23. Qf3 Bb7 24. Rd1 Nb6 25. Qf4 Kg7 26. Rd3 Rad8 27. Bg2 Re6 28.
h4 Rf6 29. Qg4 Bc8 30. Qe2 a5 31. e5 Re6 32. Nf3 Ba6 33. Qc2 Bxd3 34. Qxd3 d5
35. Bh3 Rc6 36. h5 Nc4 37. Qc3 Kg8 38. hxg6 Rf6 39. exf6 fxg6 40. Be6+ Kf8 41.
Bxd5 Nd6 42. Re1 Nb5 43. Qc4 Nd6 44. Qf4 g5 45. Qa4 Nf5 46. Bc4 Qd6 47. Ne5 Qxf6
48. Nd7+ Rxd7 49. Qxd7 Ng7 50. Qc8+ Ne8 51. Qxe8+ Kg7 52. Qg8# {Black
checkmated} 1-0

[Event "Team 45 45 League T52"]
[Site "Internet Chess Club"]
[Date "2012.02.19"]
[Round "1"]
[White "moomaster"]
[Black "Constrictor"]
[Result "0-1"]
[WhiteElo "1615"]
[BlackElo "1686"]
[Opening "Dutch: Leningrad variation"]
[ECO "A86"]
[Time "15:32:00"]
[TimeControl "2700+45"]

1. d4 f5 2. c4 Nf6 3. g3 g6 4. Bg2 Bg7 5. Nc3 d6 6. e4 fxe4 7. Nxe4 Nc6 8. Ne2
Bg4 9. Be3 O-O 10. O-O Qc8 11. Qd2 Nxe4 12. Bxe4 Bxe2 13. Qxe2 Nxd4 14. Bxd4
Bxd4 15. Bd5+ Kh8 16. Qxe7 Bf6 17. Qe6 Qxe6 18. Bxe6 Rae8 19. Rfe1 Bd4 20. Re2
Rxf2 21. Rxf2 Rxe6 22. Rf1 Re2 23. Kg2 Rxf2+ 24. Rxf2 Bxf2 25. Kxf2 Kg7 26. Ke3
Kf6 27. Ke4 Ke6 28. Kf4 c6 29. Ke4 Kf6 30. h4 h5 31. b4 g5 32. a4 gxh4 33. gxh4
Ke6 34. b5 a5 35. b6 d5+ 36. cxd5+ cxd5+ 37. Kd4 Kd6 38. Kd3 Kc5 39. Kc3 Kxb6
40. Kd4 Kc6 41. Kd3 Kc5 42. Kc3 b5 43. axb5 Kxb5 44. Kb3 a4+ 45. Ka3 d4 46. Kb2
Kb4 47. Kc2 a3 48. Kb1 Kb3 49. Ka1 Kc2 50. Ka2 d3 51. Kxa3 d2 52. Ka4 d1=Q 53.
Kb4 Qd4+ 54. Kb5 Qc3 55. Kb6 Kd3 56. Kb5 Qc4+ 57. Kb6 Kd4 58. Kb7 Qc5 59. Ka6
Qb4 60. Ka7 Kc5 61. Ka8 Kc6 62. Ka7 Qb7# {White checkmated} 0-1

[Event "Team 45 45 League T52"]
[Site "Internet Chess Club"]
[Date "2012.02.18"]
[Round "1"]
[White "edsvoboda"]
[Black "Tjet"]
[Result "0-1"]
[WhiteElo "1403"]
[BlackElo "1459"]
[Opening "King's pawn opening"]
[ECO "B07"]
[Time "14:09:23"]
[TimeControl "2700+45"]

1. e4 d6 2. d4 e5 3. d5 g6 4. Nc3 a6 5. Nf3 Bg7 6. Bd3 Nf6 7. O-O O-O 8. Be3 c5
9. h3 b5 10. a3 c4 11. Be2 Bb7 12. Qd2 Nbd7 13. Rfe1 Nc5 14. Bxc5 dxc5 15. b3
cxb3 16. cxb3 b4 17. axb4 cxb4 18. Nd1 Nxe4 19. Qxb4 Nd6 20. Nc3 e4 21. Nxe4
Nxe4 22. Qxb7 Bxa1 23. Rxa1 Nd6 24. Qc6 a5 25. Qc3 Qb6 26. Bd3 Nb7 27. Ne5 Qc5
28. Qxc5 Nxc5 29. Bc4 Nb7 30. Nd7 Rfd8 31. Nb6 Ra7 32. Na4 Nd6 33. Nc3 Nxc4 34.
bxc4 Rc8 35. Nb5 Ra6 36. Rc1 a4 37. Rc3 Rb6 38. d6 Rxb5 39. d7 Rb1+ 40. Kh2 Rd8
41. Rd3 Rb7 42. Ra3 Rbxd7 43. Rxa4 Rc8 44. f3 Rdc7 45. c5 Rxc5 46. Re4 Kg7 47.
Rf4 h5 48. Re4 Rc2 49. Re5 Ra2 50. Rg5 f6 51. Rg3 Kh6 52. h4 Rc1 53. f4 Raa1 54.
Rf3 Rh1+ 55. Kg3 Ra2 56. f5 Rg1 57. fxg6 Rgxg2+ 58. Kh3 Rxg6 {White resigns} 0-1

[Event "Team 45 45 League T52"]
[Site "Internet Chess Club"]
[Date "2012.02.18"]
[Round "1"]
[White "dpmdpm"]
[Black "FractalDante"]
[Result "1/2-1/2"]
[WhiteElo "1543"]
[BlackElo "1466"]
[Opening "Sicilian: closed, 6.Be3"]
[ECO "B26"]
[Time "10:02:49"]
[TimeControl "2700+45"]

1. e4 c5 2. Nc3 Nc6 3. g3 g6 4. Bg2 Bg7 5. d3 d6 6. Be3 Nf6 7. h3 O-O 8. f4 Bd7
9. Nf3 b6 10. O-O Rb8 11. Qd2 Ne8 12. Rae1 f5 13. exf5 Bxf5 14. Nh4 Nd4 15. Nxf5
Nxf5 16. Bf2 Nc7 17. g4 Nd4 18. Nd1 Qd7 19. c3 Nde6 20. Bg3 Bh6 21. g5 Bg7 22.
Ne3 Kh8 23. Nd5 Nxd5 24. Bxd5 Nc7 25. Bg2 e6 26. Qe2 Rbe8 27. Qg4 Qd8 28. h4 a5
29. h5 Rf7 30. h6 Bf8 31. Bh3 d5 32. Qe2 Bd6 33. d4 cxd4 34. cxd4 Qd7 35. a3
Rfe7 36. Qd3 b5 37. Re2 b4 38. axb4 Bxb4 39. Be1 Qb5 40. Qxb5 Nxb5 41. Bf2 Nd6
42. Be1 Nb5 43. Bf2 Nd6 {Game drawn by mutual agreement} 1/2-1/2

[Event "Team 45 45 League T52"]
[Site "Internet Chess Club"]
[Date "2012.02.21"]
[Round "1"]
[White "BosqueVerde"]
[Black "monkhammer"]
[Result "1-0"]
[WhiteElo "1253"]
[BlackElo "1400"]
[Opening "QGD: 4.Bg5 Nbd7"]
[ECO "D51"]
[Time "21:00:25"]
[TimeControl "2700+45"]

1. d4 d5 2. c4 e6 3. Nc3 Nf6 4. Bg5 Nbd7 5. Qc2 Be7 6. Nf3 dxc4 7. e4 O-O 8.
Bxc4 Nb6 9. b3 Nxc4 10. bxc4 b6 11. O-O Bb7 12. Bxf6 Bxf6 13. Rad1 c6 14. e5 Be7
15. Ne4 Qc7 16. Neg5 g6 17. h4 Rad8 18. h5 c5 19. hxg6 fxg6 20. Nxe6 Qc6 21. d5
{Black resigns} 1-0